 Dungeon Crawl Stone Soup version 0.24.0-37-gcf1ca852f1 (webtiles) character file.

Game seed: 5552003965673782003, levelgen mode: deterministic

135 Descartes the Sneak (level 4, 0/21 HPs)
             Began as a Felid Monk on Nov 23, 2019.
             Succumbed to kobold's curare-tipped dart
             ... on level 3 of the Dungeon.
             The game lasted 00:04:40 (3107 turns).

Descartes the Sneak (Felid Monk)                    Turns: 3107, Time: 00:04:41

Health: 0/21       AC:  1    Str:  8    XL:     4   Next: 97%
Magic:  5/5        EV: 21    Int: 11    God:
Gold:   81         SH:  0    Dex: 18    Spells: 3/3 levels left
                                        Lives:  0   Deaths: 1

rFire    . . .     SeeInvis +     - Unarmed
rCold    . . .     Gourm    .   (shield unavailable)
rNeg     + . .     Faith    .   (armour unavailable)
rPois    .         Spirit   .   (helmet unavailable)
rElec    .         Reflect  .   (cloak unavailable)
rCorr    .         Harm     .   (gloves unavailable)
MR       .....                  (boots unavailable)
Stlth    ++++......             (no amulet)
HPRegen  0.07/turn              n - ring of positive energy
MPRegen  0.09/turn              (no ring)

@: lethally poisoned (0 -> -8), hasted and slowed, quick
A: very small, no armour, no weapons or thrown items, stealth, claws 1, fangs 3,
see invisible, carnivore, speed 1, shaggy fur 1, slow metabolism 1, sharp paws
a: no special abilities


You were on level 3 of the Dungeon.
You were completely stuffed.

You visited 1 branch of the dungeon, and saw 3 of its levels.

You collected 81 gold pieces.

Inventory:

Missiles
 c - 20 arrows
 d - 61 stones
Jewellery
 n - a ring of positive energy (left paw)
Scrolls
 b - 2 scrolls of teleportation {unknown}
 e - 4 scrolls of magic mapping {unknown}
 f - a scroll of blinking {unknown}
 l - 3 scrolls of remove curse {unknown}
 p - a scroll of identify
 q - a scroll of enchant armour {unknown}
Potions
 g - a potion of haste
 h - 2 potions of might {unknown}
 i - 4 potions of lignification
 j - a potion of flight {unknown}
 k - 4 potions of berserk rage
 m - a potion of cancellation {unknown}
 r - a potion of magic {unknown}
 s - 2 potions of mutation {unknown}
Comestibles
 a - 6 rations
 o - 10 chunks of flesh


   Skills:
 - Level 3.0 Fighting
 + Level 5.1 Dodging
 * Level 5.6 Stealth
 * Level 4.5 Unarmed Combat


You had 3 spell levels left.
You didn't know any spells.
Your spell library was empty.

Dungeon Overview and Level Annotations

Branches:
Dungeon (3/15)

Altars:


Innate Abilities, Weirdness & Mutations

You cannot wear armour.
You are incapable of wielding weapons or throwing items.
Your paws allow you to move quietly. (Stealth)
You have sharp claws.
You have razor-sharp teeth.
You have supernaturally acute eyesight. (SInv)
You are carnivorous and can eat meat at any time.
You cover ground quickly.
You are covered in fur. (AC +1)
You have a slow metabolism.
Your sharp claws are effective at attacking unaware monsters.


Message History

You feel sick. The kobold barely misses you.
You scratch the kobold. Your bite misses the kobold.
The kobold is moderately wounded.
* * * LOW HITPOINT WARNING * * *
You feel sick. The kobold barely misses you.
You scratch the kobold but do no damage.
The kobold is moderately wounded.
* * * LOW HITPOINT WARNING * * *
You feel sick. The kobold hits you but does no damage.
The kobold hits you with a +0 dagger.
* * * LOW HITPOINT WARNING * * *
You scratch the kobold.
You kill the kobold!
* * * LOW HITPOINT WARNING * * *
You feel sick.
* * * LOW HITPOINT WARNING * * *
You feel sick.
You see here a +0 dagger.
It was a potion of haste.
You feel yourself speed up.
You die...

##'####'####'###.#.#
#.............##.#.#.#
.....................#
...............#.###.###
.#'####'####+#.........>
.#..#.....# #.#(###.###
.#.÷#.....# ###.#
#####.....######.###.#
#..#.....#.÷#..@....#
#..'.....'..###.#####
####'###'#### #.#
#..#..# #.# #..#÷.# #$#
####### #.# #.# #.#


There were no monsters in sight!

Vanquished Creatures
  A worker ant (D:2)
  8 adders
  2 oozes (D:2)
  3 worms
  3 dart slugs
  3 leopard geckos
  3 ball pythons (D:3)
  A giant cockroach (D:2)
  9 goblins
  4 hobgoblins
  10 jackals
  9 kobolds
  6 bats (D:1)
  8 frilled lizards
  8 rats
78 creatures vanquished.

Vanquished Creatures (others)
  5 toadstools (D:1)
5 creatures vanquished.

Grand Total: 83 creatures vanquished

Notes
Turn   | Place    | Note
-------+----------+-------------------------------------------
     0 | D:1      | Descartes the Felid Monk began the quest for the Orb.
     0 | D:1      | Reached XP level 1. HP: 10/10 MP: 2/2
   203 | D:1      | Reached XP level 2. HP: 14/14 MP: 3/3
   475 | D:1      | Reached XP level 3. HP: 16/17 MP: 4/4
  1252 | D:2      | Reached XP level 4. HP: 16/21 MP: 5/5
  2216 | D:2      | Slain by an adder
  2217 | D:2      | Reached XP level 3. HP: -1/17 MP: 4/4
  2465 | D:2      | Reached skill level 5 in Stealth
  2482 | D:2      | Reached XP level 4. HP: 21/21 MP: 5/5
  2963 | D:3      | Reached skill level 5 in Dodging
  3106 | D:3      | HP: 1/21 [poisoned by kobold (curare-tipped dart)]
  3107 | D:3      | Succumbed to kobold's curare-tipped dart

Levels and vault maps discovered:
D:1:      ldierk_walled_garden, layout_basic
D:2:      minmay_spotlight, layout_basic
D:3:      layout_loops_corners, chequers_ecumenical_altar_simple_redux,
          nrook_loot_triangle, minmay_snake_closets

Skill      XL: |  1  2  3  4 |
---------------+-------------+-----
Stealth        | 3 5 |  5.6
Unarmed Combat | 4 |  4.5
Dodging        | 5 |  5.1
Fighting       | |  3.0

Action                   |  1- 3 |  4- 6 || total
-------------------------+-------+-------++-------
Melee: Unarmed           |   108 |   109 ||   217
       Bite              |     2 |     4 ||     6
       Punch             |     1 |     2 ||     3
  Use: Scroll            |       |     2 ||     2
       Potion            |       |     1 ||     1
 Stab: Sleeping          |    11 |    11 ||    22
  Eat: Chunk             |    14 |     3 ||    17
Armor: Skin              |     7 |     1 ||     8
Dodge: Dodged            |    98 |    77 ||   175
